 Dungeon Crawl Stone Soup version 0.31.0-9-g3a7656b989 (webtiles) character file.

Game seed: 16443406771822572516

74 EnegeticOcto the Trooper (level 4, -2/40 HPs)
             Began as a Ghoul Berserker on Feb 1, 2024.
             Was a Believer of Trog.
             Killed from afar by an orc wizard (7 damage)
             ... with a magic dart
             ... on level 3 of the Dungeon.
             The game lasted 00:01:29 (1322 turns).

EnegeticOcto the Trooper (Ghoul Berserker)          Turns: 1322, Time: 00:01:29

Health: -2/40      AC:  8    Str: 22    XL:     4   Next: 30%
Magic:  4/4        EV: 11    Int:  6    God:    Trog [**....]
Gold:   94         SH:  5    Dex:  8    Spells: 3/3 levels left

rFire   . . .        c - +0 trident (venom)
rCold   + . .        (no shield)
rNeg    + + +        k - +2 ring mail {rN+}
rPois   ∞            (no helmet)
rElec   .            (no cloak)
rCorr   .            (no gloves)
SInv    .            h - +0 pair of boots
Will    ++...        m - amulet of reflection Stlth
                     (no ring)
HPRegen 1.00/turn    (no ring)
MPRegen 0.09/turn

%: reflection
@: strong-willed, regenerating
A: claws 1, cold resistance 1, negative energy resistance 3, inhibited
regeneration, torment resistance 2, devour on kill
a: Renounce Religion, Trog's Hand


You were on level 3 of the Dungeon.
You worshipped Trog.
Trog was pleased with you.
You visited 1 branch of the dungeon, and saw 3 of its levels.

You collected 94 gold pieces.

Inventory:

Hand Weapons
 a - a +0 hand axe
 c - a +0 trident of venom (weapon)
   (You found it on level 1 of the Dungeon)
Armour
 b - a +0 animal skin
 h - a +0 pair of boots (worn)
   (You found it on level 2 of the Dungeon)
 k - a +2 ring mail of positive energy (worn)
   (You found it on level 1 of the Dungeon)
Jewellery
 m - an amulet of reflection (around neck)
   (You found it on level 2 of the Dungeon)
Scrolls
 d - a scroll of silence {!r}
 f - a scroll of torment
 g - a scroll of blinking {@r4}
 i - a scroll of enchant weapon
 l - a scroll of poison {!r}
 n - 2 scrolls of teleportation {@r3 !r}
 o - a scroll of fear {!r}
 r - a scroll of noise {unknown}
Potions
 e - a potion of enlightenment {unknown}
 j - 4 potions of brilliance {unknown}
 p - a potion of curing {unknown}
 q - 2 potions of lignification {unknown}


   Skills:
 + Level 4.1 Fighting
 * Level 4.0 Axes
 - Level 1.7 Armour
 - Level 1.7 Dodging


You had 3 spell levels left.
You didn't know any spells.
Your spell library was empty.

Dungeon Overview and Level Annotations

Branches:
Dungeon (3/15) Zot: 16659

Altars:
Okawaru
Vehumet


Innate Abilities, Weirdness & Mutations

You are immune to poison.
You have sharp fingernails.
Your flesh is cold resistant. (rC+)
You are immune to negative energy. (rN+++)
You do not regenerate when monsters are visible.
You are immune to unholy pain and torment.
You thrive by killing the living.


Message History

An orc is nearby!
An orc is nearby!
You reach to attack!
You hit the orc.
The orc is heavily wounded.
The orc throws a boomerang.
The boomerang barely misses you.
You reach to attack!
You barely miss the orc.
The orc is heavily wounded.
The orc misses you.
You hit the orc but do no damage.
The orc is poisoned.
The orc is heavily wounded.
The orc closely misses you.
You hit the orc but do no damage.
The orc is severely wounded.
You kill the orc!
Trog accepts your kill.
No target in view!
No target in view!
No target in view!
No target in view!
You now have 94 gold pieces (gained 12).
r - a scroll labelled BEDWUECSOGH An orc priest comes into view.
It is wielding a +0 hand axe.
The orc priest casts a cantrip, but nothing happens.
The orc priest invokes the aid of Beogh against you.
Beogh smites you!
An orc wizard comes into view. It is wielding a +0 dagger.
You are too injured to fight recklessly!
You are too injured to fight recklessly!
You are too injured to fight recklessly!
You are too injured to fight recklessly!
You are too injured to fight recklessly!
Found an iron altar of Okawaru.
Your skin crawls.
You feel strong-willed.
The orc priest miscasts a cantrip.
Reach: c) +0 trident (venom)
Press: ? - help, Dir - move target, f - you
Okay, then.
An orc comes into view. It is wielding a +0 short sword.
The orc shouts!
You feel the effects of Trog's Hand fading.
An orc priest comes into view. It is wielding a +0 whip.
Reach: c) +0 trident (venom)
Press: ? - help, Dir - move target, f - you
Okay, then.
The orc priest shouts!
You hear a shout!
You hit the orc priest but do no damage.
The orc priest is poisoned.
The orc priest casts a cantrip, but nothing happens.
You closely miss the orc priest. You block the orc's attack.
The orc priest hits you with a +0 hand axe.
You barely miss the orc priest.
The orc priest is moderately wounded.
The orc closely misses you. The orc priest closely misses you.
The orc hits you with a +0 short sword. The orc priest barely misses you.
You puncture the orc priest!
The orc priest is heavily wounded.
Your skin stops crawling.
You feel less strong-willed. The orc hits you with a +0 short sword.
The orc priest barely misses you. The orc priest misses you.
The orc wizard mumbles some strange words.
The orc wizard flickers and vanishes!
Deactivating autopickup; reactivate with Ctrl-A.
You hit the orc priest but do no damage.
The orc priest is heavily wounded.
The orc closely misses you. You block the orc priest's attack.
The orc priest hits you with a +0 hand axe.
You barely miss the orc priest.
The orc priest is heavily wounded.
The orc barely misses you.
The orc priest looks encouraged for a moment.
The orc priest hits you with a +0 hand axe.
Something hits you.
Your skin crawls.
You feel strong-willed. The orc barely misses you. The orc priest misses you.
The orc priest calls down the wrath of Beogh upon you.
Beogh smites you!
* * * LOW HITPOINT WARNING * * *
Something hits you but does no damage.
You kill the orc priest!
Trog accepts your kill. The orc hits you with a +0 short sword.
* * * LOW HITPOINT WARNING * * *
You block the orc priest's attack.
Your Fighting skill increases to level 4!
Your Axes skill increases to level 4!
You have reached level 4!
A magic dart appears from out of thin air!
The magic dart hits you.
* * * LOW HITPOINT WARNING * * *
The orc priest attacks as it pursues you!
The orc priest hits you with a +0 whip.
* * * LOW HITPOINT WARNING * * *
The orc attacks as it pursues you! The orc hits you but does no damage.
The orc priest looks satisfied for a moment.
You hear some strange, mumbled words.
A magic dart appears from out of thin air!
The magic dart hits you!
You die...

##### #.....###.###.....
#...###
#......#...#.o....
......###....o..)_....#..
......'.'†.....#...#....
......###.....###.###.#
..[...# #...?..#...#..#
......##.......)..o...#
#+######.......{##....###
# ### #+###....@o.)......
#...>. #..$..≈≈≈≈≈≈≈≈≈
...# #.....≈.......≈ ##.#
#####.≈.≈≈≈≈≈.≈
..≈.≈_..≈.≈ ...≈.≈≈≈.≈.≈
....≈.....≈..
....≈≈≈≈≈≈≈≈


You could see an orc.

Vanquished Creatures
  An orc priest (D:3)
  A ribbon worm (D:2)
  An orc (D:3)
  6 endoplasms
  2 giant cockroaches (D:3)
  4 goblins
  4 hobgoblins
  3 kobolds
  3 quokkas
  4 ball pythons (D:1)
  5 bats
  5 rats
39 creatures vanquished.

Notes
Turn   | Place    | Note
-------+----------+-------------------------------------------
     0 | D:1      | EnegeticOcto the Ghoul Berserker began the quest for the
                  | Orb.
     0 | D:1      | Reached XP level 1. HP: 19/19 MP: 1/1
   133 | D:1      | Reached skill level 3 in Axes
   156 | D:1      | Reached XP level 2. HP: 26/26 MP: 2/2
   780 | D:2      | Reached XP level 3. HP: 33/33 MP: 3/3
   827 | D:2      | Reached ** piety under Trog
  1277 | D:3      | Found a radiant altar of Vehumet.
  1303 | D:3      | Found an iron altar of Okawaru.
  1320 | D:3      | Reached skill level 4 in Fighting
  1320 | D:3      | Reached skill level 4 in Axes
  1320 | D:3      | Reached XP level 4. HP: 8/40 MP: 4/4
  1322 | D:3      | Killed from afar by an orc wizard

Illustrated notes

Levels and vault maps discovered:
D:1:      amcnicky_arrival_feature_with_door, layout_loops_cross
D:2:      layout_rooms
D:3:      layout_basic, vehumet_crystals, mainiacjoe_overflow_catwalk_spiral,
          gammafunk_temple_overflow_pools, hellmonk_ecumenical_altar_zigzags,
          minmay_distorted

Skill      XL: |  1  2  3 |
---------------+----------+-----
Axes           | 3 4 |  4.0
Fighting       | 4 |  4.1
Armour         | |  1.7
Dodging        | |  1.7

Action                     |  1- 3 |  4- 6 || total
---------------------------+-------+-------++-------
  Melee: Trident           |    91 |       ||    91
         Hand axe          |     1 |       ||     1
         Punch             |     1 |       ||     1
 Invoke: Trog's Hand       |     2 |       ||     2
    Use: Scroll            |     8 |       ||     8
 Armour: Animal skin       |     6 |       ||     6
         Ring mail         |    32 |     4 ||    36
  Dodge: Dodged            |    40 |       ||    40
  Block: Other             |     9 |       ||     9

Table legend:
 A = Kills in this place as a percentage of kills in the entire game.
 B = Kills by you in this place as a percentage of kills by you in the entire game.
 C = Kills by friends in this place as a percentage of kills by friends in the entire game.
 D = Other kills in this place as a percentage of other kills in the entire game.
 E = Experience gained in this place as a percentage of experience gained in the entire game.
 F = Experience gained in this place divided by the number of levels of this place that you have seen.
                   A       B       C       D       E      F
               +-------+-------+-------+-------+-------+----------------------
         Total | 100.0 | 100.0 |   N/A |   N/A | 100.0 |  35.7
       Dungeon | 100.0 | 100.0 |   N/A |   N/A | 100.0 |  35.7
               +-------+-------+-------+-------+-------+----------------------

Table legend: (Time is in decaauts)
 A = Elapsed time spent in this place.
 B = Non-inter-level travel time spent in this place.
 C = Inter-level travel time spent in this place.
 D = Time resting spent in this place.
 E = Time spent auto-exploring this place.
 F = Levels seen in this place.
 G = Mean time per level.
                   A        B        C        D        E       F      G
               +--------+--------+--------+--------+--------+-----+--------+
         Total |   1339 |   1300 |     39 |      0 |    994 |   3 |  446.3 |
       Dungeon |   1339 |   1300 |     39 |      0 |    994 |   3 |  446.3 |
               +--------+--------+--------+--------+--------+-----+--------+

Top non-repeatable levels by time:
     D:1: 751 daAuts
     D:2: 404 daAuts
     D:3: 184 daAuts
